[Event "XI Paracin Festival 2018"]
[Site "Paracin"]
[Date "2018.07.11"]
[Round "7"]
[White "Cvetkovic, Nemanja"]
[Black "Djordjevic, Vuk"]
[Result "1-0"]
[ECO "E15"]
[WhiteElo "2278"]
[BlackElo "2403"]
[Annotator "NA"]
[PlyCount "67"]
[EventDate "2018.07.06"]
[EventType "swiss"]
[EventCountry "SRB"]
[SourceTitle "playchess.com"]
[Source "ChessBase"]
[SourceQuality "1"]
[TimeControl "5400+30"]

1. d4 Nf6 2. c4 e6 3. Nf3 b6 4. g3 Ba6 5. Qc2 Bb7 6. Bg2 c5 7. d5 exd5 8. cxd5 Nxd5 9. O-O Be7 10. Qe4 Bc6 11. Ne5 Nf6 12. Nxc6 Nxc6 13. Qa4 O-O 14. Rd1 Nd4 15. Nc3 b5 16. Qa6 b4 17. Nd5 Nxd5 18. Bxd5 Rb8 19. Bf4 Rb6 20. Qc4 Qc8 21. Bxf7+ Kh8 22. Rd2 d5 23. Bxd5 Rxf4 24. gxf4 Qg4+ 25. Bg2 Qxf4 26. Qd3 Rh6 27. Rad1 Qxh2+ 28. Kf1 Rf6 29. Qe4 Nf5 30. Rd8+ Bf8 31. Rxf8+ Rxf8 32. Qxf5 Rxf5 33. Rd8+ Rf8 34. Rxf8# 1-0

[Event "XI Paracin Festival 2018"]
[Site "Paracin"]
[Date "2018.07.11"]
[Round "7"]
[White "Bratkovic, Jakob"]
[Black "Rahul Srivatshav P"]
[Result "0-1"]
[ECO "B85"]
[WhiteElo "2253"]
[BlackElo "2397"]
[Annotator "NA"]
[PlyCount "110"]
[EventDate "2018.07.06"]
[EventType "swiss"]
[EventCountry "SRB"]
[SourceTitle "playchess.com"]
[Source "ChessBase"]
[SourceQuality "1"]
[TimeControl "5400+30"]

1. e4 c5 2. Nf3 e6 3. d4 cxd4 4. Nxd4 Nc6 5. Nc3 Qc7 6. Be3 a6 7. Be2 Nf6 8. O-O Be7 9. f4 d6 10. Qe1 O-O 11. Qg3 Nxd4 12. Bxd4 b5 13. a3 Bb7 14. Kh1 Rad8 15. Rae1 Rfe8 16. Bd3 Rd7 17. Ne2 Qd8 18. Bc3 Bf8 19. Ng1 g6 20. Nf3 Bg7 21. e5 Nd5 22. Bd2 Qb8 23. h4 Ne7 24. h5 Nf5 25. Qh2 dxe5 26. hxg6 fxg6 27. fxe5 Bd5 28. Bf4 Rf8 29. Nh4 Nxh4 30. Qxh4 Rdf7 31. Re3 Qd8 32. Qxd8 Rxd8 33. Bg3 Rxf1+ 34. Bxf1 Bh6 35. Re1 Rf8 36. Bd3 Bd2 37. Ra1 Bc6 38. Kh2 Kg7 39. Rd1 Be3 40. Be2 Bd5 41. a4 bxa4 42. Bxa6 Rb8 43. c4 Bc6 44. Rd6 Rb6 45. Bc8 Be4 46. Bxe6 Rxb2 47. Rd7+ Kh6 48. Bh3 Rb1 49. Bg4 Rb2 50. e6 Kg5 51. Bh3 Rb1 52. Bh4+ Kxh4 53. Rxh7+ Kg5 54. Rf7 Bg1+ 55. Kg3 Rb3+ 0-1

[Event "XI Paracin Festival 2018"]
[Site "Paracin"]
[Date "2018.07.11"]
[Round "7"]
[White "Parnali, S Dharia"]
[Black "Brankovic, Dejan"]
[Result "1/2-1/2"]
[ECO "A45"]
[WhiteElo "2170"]
[BlackElo "2377"]
[Annotator "NA"]
[PlyCount "92"]
[EventDate "2018.07.06"]
[EventType "swiss"]
[EventCountry "SRB"]
[SourceTitle "playchess.com"]
[Source "ChessBase"]
[SourceQuality "1"]
[TimeControl "5400+30"]

1. d4 Nf6 2. g3 g6 3. Bg2 Bg7 4. e4 d6 5. Ne2 O-O 6. O-O e5 7. h3 c6 8. Be3 d5 9. Bg5 h6 10. Bxf6 Qxf6 11. f4 exd4 12. e5 Qd8 13. Nxd4 Qb6 14. Nc3 Qxb2 15. Qd3 Qb4 16. Kh2 Nd7 17. Rab1 Qe7 18. Rbe1 Nc5 19. Qd2 f5 20. Rb1 Be6 21. Rb2 Rad8 22. Nce2 Rfe8 23. Nxe6 Nxe6 24. Nd4 Rd7 25. Rfb1 Nc5 26. Qa5 a6 27. Rb6 Bf8 28. Nxc6 bxc6 29. Rxc6 Kh7 30. Rbb6 Rb7 31. Rxb7 Nxb7 32. Qxa6 Nc5 33. Qb6 Nd7 34. Qc7 Nb8 35. Qxe7+ Bxe7 36. Re6 d4 37. Bf1 Nd7 38. Bb5 Nc5 39. Rc6 Rb8 40. a4 Kg7 41. Kg2 Rb7 42. Kf3 Ra7 43. g4 Nxa4 44. gxf5 gxf5 45. Bd3 Nc5 46. Bxf5 h5 1/2-1/2

[Event "XI Paracin Festival 2018"]
[Site "Paracin"]
[Date "2018.07.11"]
[Round "7"]
[White "Peycheva, Gergana"]
[Black "Nestorovic, Dejan"]
[Result "1/2-1/2"]
[ECO "E47"]
[WhiteElo "2157"]
[BlackElo "2341"]
[Annotator "NA"]
[PlyCount "70"]
[EventDate "2018.07.06"]
[EventType "swiss"]
[EventCountry "SRB"]
[SourceTitle "playchess.com"]
[Source "ChessBase"]
[SourceQuality "1"]
[TimeControl "5400+30"]

1. d4 Nf6 2. c4 e6 3. Nc3 Bb4 4. e3 O-O 5. Bd3 b6 6. a3 Bxc3+ 7. bxc3 c5 8. Nf3 Nc6 9. O-O d6 10. e4 e5 11. h3 h6 12. Qe2 cxd4 13. cxd4 exd4 14. Bb2 Re8 15. Nxd4 Nxd4 16. Bxd4 Bb7 17. f3 Rc8 18. Rfd1 Nd7 19. a4 Ne5 20. a5 bxa5 21. Bxa7 Ba6 22. Qf2 Bxc4 23. Bb6 Qf6 24. Bxc4 Rxc4 25. Rxa5 Rec8 26. Rad5 Rc2 27. Qg3 Nc4 28. Bd4 Qg6 29. Qxg6 fxg6 30. Rb5 Rc7 31. Rb8+ Kf7 32. Rdb1 g5 33. R1b7 Ne5 34. Bxe5 dxe5 35. Rxc7+ Rxc7 1/2-1/2

[Event "XI Paracin Festival 2018"]
[Site "Paracin"]
[Date "2018.07.11"]
[Round "7"]
[White "Eswaran, Ashritha"]
[Black "Martic, Ivan"]
[Result "0-1"]
[ECO "B80"]
[WhiteElo "2092"]
[BlackElo "2375"]
[Annotator "NA"]
[PlyCount "102"]
[EventDate "2018.07.06"]
[EventType "swiss"]
[EventCountry "SRB"]
[SourceTitle "playchess.com"]
[Source "ChessBase"]
[SourceQuality "1"]
[TimeControl "5400+30"]

1. e4 c5 2. Nf3 d6 3. d4 Nf6 4. Nc3 cxd4 5. Nxd4 e6 6. g3 Be7 7. Bg2 O-O 8. O-O a6 9. f4 Qc7 10. g4 Nc6 11. Nxc6 bxc6 12. g5 Nd7 13. f5 exf5 14. exf5 d5 15. Qh5 Ne5 16. f6 Bc5+ 17. Kh1 Bg4 18. Qh4 Qd7 19. fxg7 Rfe8 20. Bd2 Nc4 21. Rf4 Bf5 22. Na4 Ba7 23. Bc3 Re2 24. g6 fxg6 25. Bf3 Re3 26. Rf1 Rae8 27. Bg4 Nd6 28. Qg5 Rxc3 29. Nxc3 Qxg7 30. Bxf5 Nxf5 31. R4f3 Be3 32. Qg4 Kh8 33. Re1 d4 34. Nd1 c5 35. Nxe3 dxe3 36. c3 Qb7 37. Qg2 Re7 38. Kg1 Kg7 39. Rf4 Qd7 40. b4 Qd3 41. Qb2 c4 42. Qe2 Rc7 43. a4 Qxc3 44. b5 axb5 45. axb5 Qb4 46. Rc1 Qxb5 47. Rfxc4 Re7 48. R1c2 Qe5 49. Rc5 Qf4 50. R2c4 Nd4 51. Qb2 e2 0-1

[Event "XI Paracin Festival 2018"]
[Site "Paracin"]
[Date "2018.07.12"]
[Round "8"]
[White "Perunovic, Milos"]
[Black "Stankovic, Milos"]
[Result "1-0"]
[ECO "C11"]
[WhiteElo "2596"]
[BlackElo "2420"]
[Annotator "ChessBase"]
[PlyCount "55"]
[EventDate "2018.07.06"]
[EventType "swiss"]
[EventCountry "SRB"]
[SourceTitle "playchess.com"]
[Source "ChessBase"]
[SourceQuality "1"]
[TimeControl "5400+30"]

1. e4 e6 2. d4 d5 3. Nc3 Nf6 4. e5 Nfd7 5. f4 c5 6. Nf3 Nc6 7. Be3 Be7 8. Qd2 O-O 9. dxc5 Qa5 10. a3 Bxc5 11. O-O-O a6 12. Kb1 Bxe3 13. Qxe3 Rd8 14. Bd3 b5 15. f5 exf5 16. e6 Nf6 17. exf7+ Kxf7 18. Qc5 Bb7 19. Bxf5 h6 20. Nxd5 Nxd5 21. Rxd5 Ne7 22. Be6+ Ke8 23. Rxd8+ Rxd8 24. Qh5+ g6 25. Qxh6 Bxf3 26. Qh8+ Ng8 27. Qxg8+ Ke7 28. Qf7+ 1-0

[Event "XI Paracin Festival 2018"]
[Site "Paracin"]
[Date "2018.07.12"]
[Round "8"]
[White "Shyam, Sundar M"]
[Black "Cerovic, Danilo"]
[Result "1/2-1/2"]
[ECO "B10"]
[WhiteElo "2527"]
[BlackElo "2294"]
[Annotator "ChessBase"]
[PlyCount "116"]
[EventDate "2018.07.06"]
[EventType "swiss"]
[EventCountry "SRB"]
[SourceTitle "playchess.com"]
[Source "ChessBase"]
[SourceQuality "1"]
[TimeControl "5400+30"]

1. e4 c6 2. c4 d5 3. exd5 cxd5 4. cxd5 Nf6 5. Nc3 Nxd5 6. Nf3 g6 7. Qb3 Nb6 8. Bb5+ Bd7 9. Ne5 e6 10. Nxd7 N8xd7 11. d4 Bg7 12. O-O O-O 13. Rd1 Nf6 14. Be2 Qd7 15. Bf4 Nfd5 16. Bg3 Ne7 17. Bb5 Qd8 18. Bh4 h6 19. a4 Nbd5 20. Bc4 Qa5 21. Bg3 Rac8 22. Rac1 b6 23. Nb5 Nf5 24. Be5 Bxe5 25. dxe5 a6 26. Na7 Rc7 27. Bxd5 Rxa7 28. Be4 b5 29. Bxf5 exf5 30. Rd6 Kg7 31. axb5 Qxb5 32. Qc3 Kh7 33. e6 Qe8 34. exf7 Rfxf7 35. h4 Rfd7 36. Rc6 Qe2 37. Rc8 Rd1+ 38. Kh2 Rg7 39. Rc7 Rdd7 40. Rxd7 Rxd7 41. Qc6 Qe5+ 42. g3 Qd6 43. Qf3 Qd5 44. Qf4 Qd6 45. Qf3 Qd5 46. Qe3 Qd4 47. Rc7 Qd6 48. Rxd7+ Qxd7 49. Qb6 Qd2 50. Qb7+ Kg8 51. Kg2 Qd6 52. h5 Qf6 53. hxg6 Qxg6 54. b4 h5 55. Qc7 Kf8 56. f3 Qe6 57. Qf4 Kf7 58. Kh3 Kg6 1/2-1/2

[Event "XI Paracin Festival 2018"]
[Site "Paracin"]
[Date "2018.07.12"]
[Round "8"]
[White "Atalik, Suat"]
[Black "Kadric, Denis"]
[Result "0-1"]
[ECO "A41"]
[WhiteElo "2509"]
[BlackElo "2522"]
[Annotator "RC"]
[PlyCount "138"]
[EventDate "2018.07.06"]
[EventType "swiss"]
[EventCountry "SRB"]
[SourceTitle "playchess.com"]
[Source "ChessBase"]
[SourceQuality "1"]
[TimeControl "5400+30"]

1. d4 d6 2. Nf3 g6 3. c4 f5 4. Nc3 Nf6 5. g3 Bg7 6. Bg2 O-O 7. O-O Qe8 8. Re1 Qf7 9. e4 fxe4 10. Nxe4 Qxc4 11. Nxf6+ exf6 12. Re7 Na6 13. b3 Qb5 14. d5 Bg4 15. a4 Qc5 16. Be3 Qc3 17. Rc1 Qb2 18. Bd4 Qa3 19. h3 Bxf3 20. Bxf3 Rae8 21. Re6 Rxe6 22. dxe6 c6 23. Bxa7 Nc7 24. b4 Nxe6 25. Be3 f5 26. Qxd6 Nd4 27. Bd1 Re8 28. Qf4 Be5 29. Qh6 Qxb4 30. Bd2 Qd6 31. Qe3 Re7 32. Qd3 Rd7 33. Qc4+ Kg7 34. Bb4 Qe6 35. Qxe6 Nxe6 36. a5 c5 37. Be1 Rc7 38. Rc4 Kf6 39. Kf1 Bd4 40. Be2 f4 41. Ra4 Ke5 42. h4 fxg3 43. fxg3 g5 44. hxg5 Nxg5 45. Kg2 Ne4 46. a6 bxa6 47. Rxa6 Bc3 48. Bf2 Bd4 49. Be1 Rb7 50. Ra2 Rb3 51. g4 Kf4 52. Bc4 Re3 53. Bd2 Nxd2 54. Rxd2 Kxg4 55. Re2 Rg3+ 56. Kh2 Rc3 57. Bf7 h5 58. Re4+ Kg5 59. Be6 h4 60. Rg4+ Kf6 61. Bc8 Be5+ 62. Kg1 h3 63. Bb7 Rc1+ 64. Kf2 h2 65. Rh4 c4 66. Ke3 c3 67. Ke2 Rb1 68. Be4 c2 69. Rh6+ Kg5 0-1

[Event "XI Paracin Festival 2018"]
[Site "Paracin"]
[Date "2018.07.12"]
[Round "8"]
[White "Yilmazyerli, Mert"]
[Black "Peycheva, Gergana"]
[Result "1/2-1/2"]
[ECO "B46"]
[WhiteElo "2491"]
[BlackElo "2157"]
[Annotator "ChessBase"]
[PlyCount "37"]
[EventDate "2018.07.06"]
[EventType "swiss"]
[EventCountry "SRB"]
[SourceTitle "playchess.com"]
[Source "ChessBase"]
[SourceQuality "1"]
[TimeControl "5400+30"]

1. e4 c5 2. Nf3 e6 3. d4 cxd4 4. Nxd4 Nc6 5. Nc3 a6 6. Nb3 Nf6 7. Bd3 Qc7 8. f4 d6 9. O-O Be7 10. Qe2 b5 11. a3 Bb7 12. Bd2 O-O 13. Rae1 Rad8 14. e5 dxe5 15. fxe5 Nd7 16. Bf4 g6 17. Kh1 Bh4 18. Nd5 exd5 19. e6 1/2-1/2

[Event "XI Paracin Festival 2018"]
[Site "Paracin"]
[Date "2018.07.12"]
[Round "8"]
[White "Radovanovic, Nikola"]
[Black "Kathmale, Sameer"]
[Result "1-0"]
[ECO "E73"]
[WhiteElo "2425"]
[BlackElo "2323"]
[Annotator "NA"]
[PlyCount "83"]
[EventDate "2018.07.06"]
[EventType "swiss"]
[EventCountry "SRB"]
[SourceTitle "playchess.com"]
[Source "ChessBase"]
[SourceQuality "1"]
[TimeControl "5400+30"]

1. d4 Nf6 2. c4 g6 3. Nc3 Bg7 4. e4 d6 5. Be2 O-O 6. Be3 c5 7. d5 e6 8. Nf3 exd5 9. cxd5 b5 10. e5 Ng4 11. Bg5 Qa5 12. exd6 b4 13. Ne4 f6 14. Bf4 g5 15. Bg3 h5 16. Nfd2 f5 17. Nxg5 Bxb2 18. O-O f4 19. Qc2 Bf5 20. Qxb2 fxg3 21. hxg3 Nd7 22. Ne6 Rf7 23. Nc4 Qa4 24. Qd2 Qc2 25. Qg5+ Kh8 26. Bxg4 Bxg4 27. Ne5 Nxe5 28. Qxe5+ Kg8 29. Qg5+ Kh8 30. f3 Bf5 31. Rac1 Qxa2 32. d7 Qxd5 33. d8=Q+ Rxd8 34. Nxd8 Qd4+ 35. Kh2 Rf8 36. Rfd1 Qf6 37. Qxf6+ Rxf6 38. Rxc5 b3 39. Rd2 Rf8 40. Nc6 Bc2 41. Rdxc2 bxc2 42. Rxc2 1-0

[Event "XI Paracin Festival 2018"]
[Site "Paracin"]
[Date "2018.07.12"]
[Round "8"]
[White "Brankovic, Dejan"]
[Black "Uzumcu, Ahmet Utku"]
[Result "1-0"]
[ECO "B94"]
[WhiteElo "2377"]
[BlackElo "2261"]
[Annotator "NA"]
[PlyCount "55"]
[EventDate "2018.07.06"]
[EventType "swiss"]
[EventCountry "SRB"]
[SourceTitle "playchess.com"]
[Source "ChessBase"]
[SourceQuality "1"]
[TimeControl "5400+30"]

1. e4 c5 2. Nf3 d6 3. d4 cxd4 4. Nxd4 Nf6 5. Nc3 a6 6. Bg5 Nbd7 7. Bc4 Qb6 8. O-O Qxb2 9. Nd5 Nxd5 10. Rb1 Qc3 11. Bxd5 Qc7 12. f4 e6 13. Re1 Rb8 14. Kh1 Nb6 15. Bh4 Qc5 16. Bb3 Qc7 17. a4 Be7 18. Bxe7 Qxe7 19. Nf5 Qd8 20. Nxd6+ Kf8 21. f5 Qe7 22. fxe6 fxe6 23. Rf1+ Kg8 24. Nf5 Qc7 25. a5 Na8 26. Nh6+ gxh6 27. Qg4+ Qg7 28. Bxe6+ 1-0

[Event "XI Paracin Festival 2018"]
[Site "Paracin"]
[Date "2018.07.12"]
[Round "8"]
[White "Martic, Ivan"]
[Black "Cvetkovic, Nemanja"]
[Result "1-0"]
[ECO "B70"]
[WhiteElo "2375"]
[BlackElo "2278"]
[Annotator "NA"]
[PlyCount "73"]
[EventDate "2018.07.06"]
[EventType "swiss"]
[EventCountry "SRB"]
[SourceTitle "playchess.com"]
[Source "ChessBase"]
[SourceQuality "1"]
[TimeControl "5400+30"]

1. e4 c5 2. Nf3 g6 3. d4 cxd4 4. Nxd4 Nf6 5. Nc3 d6 6. Be2 Bg7 7. O-O O-O 8. Bg5 Nc6 9. Nb3 Be6 10. Re1 Nd7 11. Rb1 Rc8 12. Nd5 Re8 13. c3 Nce5 14. Bf1 Nb6 15. h3 Nxd5 16. exd5 Bf5 17. Ra1 Qb6 18. Be3 Qc7 19. Nd4 Bd7 20. Nb5 Bxb5 21. Bxb5 Red8 22. Bd4 a6 23. Bf1 Re8 24. a4 Nc4 25. Bxg7 Kxg7 26. Re4 Ne5 27. Qd4 g5 28. h4 f5 29. Re3 f4 30. Re4 h6 31. Rae1 Qc5 32. Qd1 Rf8 33. hxg5 hxg5 34. Rxe5 dxe5 35. Rxe5 Rc6 36. Qh5 Rh6 37. Rxg5+ {[%emt 0:00:20] Rhh8} 1-0

[Event "XI Paracin Festival 2018"]
[Site "Paracin"]
[Date "2018.07.12"]
[Round "8"]
[White "Harvey, Marcus R"]
[Black "Jocev, Milan"]
[Result "1-0"]
[ECO "A05"]
[WhiteElo "2362"]
[BlackElo "2256"]
[Annotator "NA"]
[PlyCount "131"]
[EventDate "2018.07.06"]
[EventType "swiss"]
[EventCountry "SRB"]
[SourceTitle "playchess.com"]
[Source "ChessBase"]
[SourceQuality "1"]
[TimeControl "5400+30"]

1. Nf3 Nf6 2. b3 g6 3. Bb2 Bg7 4. e3 d6 5. d4 O-O 6. Be2 c5 7. O-O Nc6 8. d5 Nb4 9. c4 e6 10. a3 Na6 11. dxe6 Bxe6 12. Ng5 Bd7 13. Bf3 Bc6 14. Nc3 Nc7 15. Qe2 Qe7 16. Rfd1 Rad8 17. b4 Nd7 18. b5 Bxf3 19. Nxf3 Nf6 20. Rac1 d5 21. cxd5 Nfxd5 22. Nxd5 Nxd5 23. Bxg7 Kxg7 24. Qb2+ Kg8 25. h4 h5 26. Qe5 Qxe5 27. Nxe5 Rfe8 28. Nc4 b6 29. f3 f6 30. Kf2 g5 31. hxg5 fxg5 32. a4 Nb4 33. Ke2 Nd5 34. Kf2 Nb4 35. Ra1 h4 36. Nd6 Re6 37. Ne4 Nd3+ 38. Ke2 c4 39. Nxg5 Red6 40. Ne4 Rg6 41. Rg1 Kh8 42. a5 Rdg8 43. axb6 Rxb6 44. Rxa7 Rxb5 45. f4 Rg7 46. Ra8+ Rg8 47. Rxg8+ Kxg8 48. Rd1 Rb2+ 49. Rd2 Rb1 50. Kf3 Rf1+ 51. Kg4 Re1 52. Nd6 Rg1 53. Nxc4 Ne1 54. Kxh4 Rxg2 55. Rxg2+ Nxg2+ 56. Kg5 Kf7 57. e4 Ne1 58. f5 Nd3 59. e5 Nc5 60. Kf4 Ke7 61. Ke3 Nb3 62. Ke4 Nc5+ 63. Kd4 Na6 64. Nb6 Kd8 65. Nd5 Nb8 66. e6 1-0

[Event "XI Paracin Festival 2018"]
[Site "Paracin"]
[Date "2018.07.12"]
[Round "8"]
[White "Radovic, Luka"]
[Black "Vujacic, Borivoje"]
[Result "1/2-1/2"]
[ECO "A09"]
[WhiteElo "2344"]
[BlackElo "2213"]
[Annotator "NA"]
[PlyCount "134"]
[EventDate "2018.07.06"]
[EventType "swiss"]
[EventCountry "SRB"]
[SourceTitle "playchess.com"]
[Source "ChessBase"]
[SourceQuality "1"]
[TimeControl "5400+30"]

1. Nf3 d5 2. c4 dxc4 3. Qa4+ Nc6 4. g3 g6 5. Bg2 Bg7 6. Qxc4 e5 7. Nc3 Nge7 8. d3 O-O 9. O-O h6 10. Bd2 Be6 11. Qa4 Nd4 12. Rfc1 c6 13. Qd1 Re8 14. Ne4 Bd5 15. Bc3 b6 16. b4 Qd7 17. Ned2 Be6 18. Nc4 Bxc4 19. dxc4 Rad8 20. Nd2 f5 21. e3 Ne6 22. Qc2 c5 23. Nb3 cxb4 24. Bxb4 e4 25. Rd1 Qc7 26. Rac1 Nc6 27. Ba3 Ne5 28. Bf1 Rxd1 29. Rxd1 Nf3+ 30. Kh1 Rd8 31. c5 Kh7 32. Be2 Rxd1+ 33. Qxd1 Nxc5 34. Qd5 Nxb3 35. Bc4 Qc8 36. Bxb3 h5 37. Kg2 a6 38. h4 b5 39. Bd6 Qe8 40. Qb7 a5 41. Bd5 b4 42. Be7 Ne5 43. Bc5 Qd7 44. Qa8 Nf7 45. Bb3 Qc7 46. Qd5 Nh6 47. Bc4 Qe5 48. Qc6 Qb2 49. Qb5 Ng4 50. Be2 Qxa2 51. Bxg4 fxg4 52. Qb7 Qe2 53. Bd4 Qf3+ 54. Kg1 Qf8 55. Qa7 b3 56. Bc5 Qg8 57. Ba3 Kh6 58. Qxa5 b2 59. Bxb2 Bxb2 60. Qb4 Qg7 61. Qxe4 Qf6 62. Kg2 Bc3 63. Kf1 Qf3 64. Qe6 Qh1+ 65. Ke2 Qe1+ 66. Kd3 Qd2+ 67. Ke4 Qc2+ 1/2-1/2

[Event "XI Paracin Festival 2018"]
[Site "Paracin"]
[Date "2018.07.12"]
[Round "8"]
[White "Petrov, Georgi P"]
[Black "Arsovic, Zoran"]
[Result "0-1"]
[ECO "E67"]
[WhiteElo "2320"]
[BlackElo "2436"]
[Annotator "NA RC"]
[PlyCount "87"]
[EventDate "2018.07.06"]
[EventType "swiss"]
[EventCountry "SRB"]
[SourceTitle "playchess.com"]
[Source "ChessBase"]
[SourceQuality "1"]
[TimeControl "5400+30"]

1. Nf3 Nf6 2. c4 g6 3. g3 Bg7 4. Bg2 O-O 5. O-O d6 6. d4 Nbd7 7. Nc3 e5 8. h3 exd4 9. Nxd4 Re8 10. b3 Nc5 11. Bb2 c6 12. Qc2 a5 13. Rad1 Qb6 14. Rd2 a4 15. Rfd1 axb3 16. axb3 h5 17. e3 Nh7 18. Nb1 Ng5 19. Kh2 Nge4 20. Re2 Ra2 21. Nc3 Nxc3 22. Qxc3 Nxb3 23. Qxb3 Qxb3 24. Nxb3 Rxb2 25. Rxb2 Bxb2 26. Rxd6 h4 27. Rd2 hxg3+ 28. Kxg3 Bf6 29. Nc5 Be7 30. Nb3 Be6 31. Bf1 Ra8 32. Nd4 Bc8 33. Rb2 Ra1 34. Be2 Kf8 35. Kg2 Ke8 36. Rd2 Rc1 37. Ra2 Kd8 38. Ra4 Rc3 39. Bg4 f5 40. Bd1 Bf6 41. Ne2 Rd3 42. Bc2 Rd1 43. Nd4 Rd3 44. Bxd3 0-1

[Event "XI Paracin Festival 2018"]
[Site "Paracin"]
[Date "2018.07.12"]
[Round "8"]
[White "Olcum, Ahmet"]
[Black "Abramovic, Bosko"]
[Result "0-1"]
[ECO "A43"]
[WhiteElo "2316"]
[BlackElo "2409"]
[Annotator "NA"]
[PlyCount "71"]
[EventDate "2018.07.06"]
[EventType "swiss"]
[EventCountry "SRB"]
[SourceTitle "playchess.com"]
[Source "ChessBase"]
[SourceQuality "1"]
[TimeControl "5400+30"]

1. d4 c5 2. c3 Qc7 3. Nf3 g6 4. e4 Bg7 5. Na3 a6 6. dxc5 Qxc5 7. Nc4 Bh6 8. b4 Qa7 9. Ng5 b5 10. Be3 Qb7 11. Na5 Qc7 12. Qd5 Bxg5 13. Bd4 Bf6 14. Qxa8 Bxd4 15. cxd4 Qc3+ 16. Ke2 Qxa1 17. Qxb8 Qc3 18. Qe5 Nf6 19. Qc5 Nxe4 20. Qxc3 Nxc3+ 21. Kd2 Nxa2 22. Be2 Nxb4 23. Bf3 e6 24. Kc3 Nc6 25. Nxc6 dxc6 26. Kb4 Kd7 27. Ka5 Kc7 28. Rc1 Bb7 29. d5 exd5 30. Bxd5 Rd8 31. Bxf7 Rf8 32. Be6 Rxf2 33. Rd1 Bc8 34. Bxc8 Kxc8 35. Kxa6 Kc7 36. Rh1 0-1

[Event "XI Paracin Festival 2018"]
[Site "Paracin"]
[Date "2018.07.12"]
[Round "8"]
[White "Avalyan, Artur"]
[Black "Rahul Srivatshav P"]
[Result "1/2-1/2"]
[ECO "E73"]
[WhiteElo "2315"]
[BlackElo "2397"]
[Annotator "NA"]
[PlyCount "69"]
[EventDate "2018.07.06"]
[EventType "swiss"]
[EventCountry "SRB"]
[SourceTitle "playchess.com"]
[Source "ChessBase"]
[SourceQuality "1"]
[TimeControl "5400+30"]

1. d4 Nf6 2. c4 g6 3. Nc3 Bg7 4. e4 d6 5. Be2 O-O 6. Be3 Nc6 7. d5 Ne5 8. h3 e6 9. Nf3 Nxf3+ 10. Bxf3 Nd7 11. Rc1 f5 12. Qd2 e5 13. Bg5 Qe8 14. Nb5 fxe4 15. Bxe4 Qf7 16. O-O Nc5 17. Bc2 Bf5 18. Rce1 a6 19. Nc3 b5 20. b4 Nd7 21. Bb3 bxc4 22. Bxc4 a5 23. bxa5 Nc5 24. g4 Bd7 25. f4 Qe8 26. fxe5 Rxf1+ 27. Bxf1 dxe5 28. d6 cxd6 29. Qxd6 Ne6 30. Bc4 Rc8 31. Bxe6+ Qxe6 32. Ne4 Qxd6 33. Nxd6 Rc6 34. Ne4 Rc2 35. Nf6+ 1/2-1/2

[Event "XI Paracin Festival 2018"]
[Site "Paracin"]
[Date "2018.07.12"]
[Round "8"]
[White "Yordanov, Lachezar"]
[Black "Peng, Shunkai"]
[Result "1/2-1/2"]
[ECO "A40"]
[WhiteElo "2290"]
[BlackElo "2390"]
[Annotator "NA"]
[PlyCount "66"]
[EventDate "2018.07.06"]
[EventType "swiss"]
[EventCountry "SRB"]
[SourceTitle "playchess.com"]
[Source "ChessBase"]
[SourceQuality "1"]
[TimeControl "5400+30"]

1. d4 Nf6 2. c4 e6 3. g3 d5 4. Nf3 Bb4+ 5. Bd2 Bd6 6. Nc3 c6 7. Qc2 Nbd7 8. e4 dxe4 9. Nxe4 Bc7 10. Bd3 O-O 11. Nxf6+ Nxf6 12. O-O h6 13. Rfd1 a5 14. Rac1 b6 15. Be4 Bb7 16. c5 b5 17. a3 Qe7 18. Ne5 Bxe5 19. dxe5 Nxe4 20. Qxe4 Rfd8 21. Be3 Rd5 22. Rxd5 exd5 23. Qf4 Re8 24. Bd4 Bc8 25. h4 Qe6 26. Bc3 a4 27. Bd4 Qg6 28. f3 Be6 29. Kf2 Kf8 30. Qd2 Ke7 31. Rh1 h5 32. Qg5+ Qxg5 33. hxg5 g6 1/2-1/2

[Event "XI Paracin Festival 2018"]
[Site "Paracin"]
[Date "2018.07.12"]
[Round "8"]
[White "Gomes, Mary Ann"]
[Black "Radovanovic, Mihajlo"]
[Result "1-0"]
[ECO "A04"]
[WhiteElo "2284"]
[BlackElo "2402"]
[Annotator "NA"]
[PlyCount "86"]
[EventDate "2018.07.06"]
[EventType "swiss"]
[EventCountry "SRB"]
[SourceTitle "playchess.com"]
[Source "ChessBase"]
[SourceQuality "1"]
[TimeControl "5400+30"]

1. Nf3 g6 2. g3 Bg7 3. Bg2 e5 4. e4 c5 5. Nc3 Ne7 6. d3 Nbc6 7. Be3 d6 8. Qd2 Nd4 9. h3 O-O 10. g4 Bd7 11. Nh2 Bc6 12. Nd5 Bxd5 13. exd5 f5 14. Bg5 Qe8 15. c3 Nb5 16. h4 e4 17. dxe4 fxe4 18. O-O Qf7 19. Bxe4 Rae8 20. Rae1 Nc7 21. c4 b5 22. b3 Nc8 23. Kg2 bxc4 24. bxc4 Nb6 25. Qc2 Kh8 26. f3 Rb8 27. Rb1 Qe8 28. Rfe1 Be5 29. Bh6 Qd8 30. Kh3 Rf7 31. Bg5 Qd7 32. Rf1 Rbf8 33. Bh6 Re8 34. f4 Bd4 35. Rfe1 Qa4 36. Qxa4 Nxa4 37. Bc2 Nb2 38. Rxe8+ Nxe8 39. Nf3 Bc3 40. Bf5 Ng7 41. Ng5 Re7 42. Be6 Nxe6 43. Nxe6 Re8 1-0

[Event "XI Paracin Festival 2018"]
[Site "Paracin"]
[Date "2018.07.12"]
[Round "8"]
[White "Colovic, Dusan"]
[Black "Wadsworth, Matthew J"]
[Result "1-0"]
[ECO "A45"]
[WhiteElo "2279"]
[BlackElo "2377"]
[Annotator "NA"]
[PlyCount "119"]
[EventDate "2018.07.06"]
[EventType "swiss"]
[EventCountry "SRB"]
[SourceTitle "playchess.com"]
[Source "ChessBase"]
[SourceQuality "1"]
[TimeControl "5400+30"]

1. d4 Nf6 2. Bf4 c5 3. e3 b6 4. c3 Bb7 5. Nd2 d6 6. Ngf3 Nbd7 7. Bc4 e6 8. O-O Be7 9. Qe2 a6 10. e4 cxd4 11. cxd4 d5 12. Bd3 dxe4 13. Nxe4 O-O 14. Rac1 Nxe4 15. Bxe4 Bxe4 16. Qxe4 Nf6 17. Qb7 Nd5 18. Bg3 Bf6 19. a3 Qe7 20. Qxe7 Bxe7 21. Rc6 Rfd8 22. Rfc1 h6 23. Kf1 b5 24. Ke2 Bf6 25. Bd6 Be7 26. Bc7 Re8 27. g3 a5 28. Ne5 a4 29. Bd6 Bf6 30. f4 Red8 31. Kd3 h5 32. Ke4 Ne7 33. Bxe7 Bxe7 34. Rb6 Rd5 35. Rb7 Bf6 36. Rc5 Rad8 37. Rxd5 Rxd5 38. Rb8+ Kh7 39. Rc8 Bxe5 40. fxe5 Rd7 41. Rb8 Rd5 42. Rb7 Kg6 43. h4 f6 44. Re7 b4 45. Rxe6 Rb5 46. d5 bxa3 47. bxa3 Rb1 48. d6 Re1+ 49. Kd5 Kf5 50. Re8 Rd1+ 51. Kc6 Rc1+ 52. Kb5 Rd1 53. exf6 gxf6 54. Kc6 Rc1+ 55. Kb7 Rd1 56. Kc7 Rc1+ 57. Kd8 Rc3 58. d7 Rxa3 59. Ke7 Re3+ 60. Kf7 1-0

[Event "XI Paracin Festival 2018"]
[Site "Paracin"]
[Date "2018.07.12"]
[Round "8"]
[White "Popovic, Milan S"]
[Black "Sylvan, Jacob"]
[Result "1/2-1/2"]
[ECO "A48"]
[WhiteElo "2264"]
[BlackElo "2332"]
[Annotator "NA"]
[PlyCount "42"]
[EventDate "2018.07.06"]
[EventType "swiss"]
[EventCountry "SRB"]
[SourceTitle "playchess.com"]
[Source "ChessBase"]
[SourceQuality "1"]
[TimeControl "5400+30"]

1. d4 Nf6 2. Nf3 g6 3. Bg5 Bg7 4. Nbd2 O-O 5. c3 d6 6. e4 c5 7. dxc5 dxc5 8. Be2 Nc6 9. h3 Qc7 10. O-O h6 11. Be3 b6 12. Qc2 Bb7 13. a4 Rfd8 14. Rac1 Rac8 15. Qb1 Ne5 16. b4 Nxf3+ 17. Bxf3 cxb4 18. cxb4 Qe5 19. b5 Ba8 20. Qb4 Nd7 21. Nb3 Bb7 1/2-1/2